 Dungeon Crawl Stone Soup version 0.28.0-53-g5a82cb258f (webtiles) character file.

Game seed: 7848613426647497766

1082 selky the Cleaver (level 8, -8/66 HPs)
             Began as a Minotaur Fighter on July 8, 2022.
             Was an Initiate of Ashenzari.
             Mangled by Duvessa
             ... wielding a +4 rapier of speed
              (12 damage)
             ... on level 6 of the Dungeon.
             The game lasted 00:09:26 (5825 turns).

selky the Cleaver (Minotaur Fighter)                Turns: 5825, Time: 00:09:27

Health: -8/66      AC:  7    Str: 23    XL:     8   Next: 8%
Magic:  7/7        EV:  9    Int:  5    God:    Ashenzari [......]
Gold:   204        SH:  0    Dex: 10    Spells: 7/7 levels left

rFire   . . .      SeeInvis .   a - +1 war axe "Restrained Gnosis" {Cun, Elem} (curse)
rCold   . . .      Faith    .   (no shield)
rNeg    . . .      Spirit   .   b - +0 scale mail
rPois   .          Reflect  .   (helmet restricted)
rElec   .          Harm     .   (no cloak)
rCorr   .          Rampage  .   (no gloves)
Will    .....                   (no boots)
Stlth   ..........              (no amulet)
HPRegen 0.21/turn               (no ring)
MPRegen 0.10/turn               (no ring)

@: no status effects
A: horns 2, retaliatory headbutt
a: Renounce Religion, Curse Item, Shatter the Chains


You were on level 6 of the Dungeon.
You worshipped Ashenzari.
Ashenzari was noncommittal.
You visited 1 branch of the dungeon, and saw 6 of its levels.

You collected 204 gold pieces.

Inventory:

Hand Weapons
 a - the cursed +1 war axe "Restrained Gnosis" (weapon) {Cun, Elem}

   It has a curse which improves the following skills: Cunning: Dodging and
   Stealth.
   Elements:  Fire Magic, Ice Magic, Air Magic and Earth Magic.
Armour
 b - a +0 scale mail (worn)
 c - a +0 buckler
 h - a +0 kite shield
Jewellery
 g - a ring of ice
 i - a ring of protection from fire
 q - a ring of fire
Wands
 k - a wand of digging (11)
Scrolls
 d - a scroll of noise {unknown}
 f - 2 scrolls of amnesia
 m - 2 scrolls of teleportation
 n - 2 scrolls of identify
Potions
 e - 3 potions of might
 j - a potion of brilliance {unknown}
 p - 2 potions of lignification {unknown}


   Skills:
 + Level 3.9 Fighting
 * Level 11.2 Axes
 + Level 4.2 Armour
 - Level 3.6 Shields


You had 7 spell levels left.
You didn't know any spells.
Your spell library contained the following spells:

 Spells                   Type           Power      Damage    Failure   Level
 Foxfire                  Conj/Fire      0%         2x1d4     78%         1
 Slow                     Hex            0%         N/A       78%         1
 Ensorcelled Hibernation  Hex/Ice        0%         N/A       89%         2
 Confusing Touch          Hex            0%         N/A       98%         3
 Conjure Flame            Conj/Fire      0%         6-21      98%         3
 Inner Flame              Hex/Fire       0%         N/A       98%         3
 Ozocubu's Armour         Ice            0%         N/A       98%         3
 Spider Form              Tmut/Pois      0%         N/A       98%         3
 Tukima's Dance           Hex            0%         N/A       98%         3
 Vampiric Draining        Necr           0%         2d6       98%         3
 Anguish                  Hex/Necr       0%         N/A       100%        4
 Flame Wave               Conj/Fire      0%         2d4       100%        4
 Enfeeble                 Hex            0%         N/A       100%        7
 Ozocubu's Refrigeration  Ice            0%         4d5       100%        7


Dungeon Overview and Level Annotations

Branches:
Dungeon (6/15)
 Temple: D:4-7

Altars:
Ashenzari
Dithmenos
Elyvilon

Shops:
D:4 (

Annotations:
D:3 Pikel
D:6 Duvessa


Innate Abilities, Weirdness & Mutations

You have a pair of horns on your head.
You reflexively headbutt those who attack you in melee.


Message History

Dowan mumbles some strange words.
Dowan blinks!
Dowan moves out of view.
There is an open door here.
Duvessa, Sister of Dowan comes into view.
She is wielding a +4 rapier of speed.
Found 17 gold pieces.
Duvessa shouts!
Duvessa is nearby!
Duvessa is nearby!
Duvessa completely misses you. You furiously retaliate!
You headbutt Duvessa, but do no damage.
Duvessa hits you with a +4 rapier of speed!
You barely miss Duvessa.
Duvessa hits you with a +4 rapier of speed.
You hit Duvessa. You headbutt Duvessa, but do no damage.
Duvessa is lightly wounded.
You slash Dowan!
Duvessa hits you with a +4 rapier of speed.
Dowan barely misses you. You furiously retaliate!
You headbutt Dowan!
Duvessa hits you with a +4 rapier of speed!
You slash Dowan!
You kill Dowan!
Duvessa screams in rage.
Duvessa goes berserk!
You hit Duvessa but do no damage.
Duvessa hits you with a +4 rapier of speed! x2
* * * LOW HITPOINT WARNING * * *
You are too injured to fight recklessly!
Unknown command.
You feel much better.
Duvessa hits you with a +4 rapier of speed!!
Duvessa barely misses you.
You feel better.
Duvessa hits you with a +4 rapier of speed! x2
* * * LOW HITPOINT WARNING * * *
Duvessa hits you with a +4 rapier of speed!
* * * LOW HITPOINT WARNING * * *
Okay, then.
You completely miss Duvessa.
Duvessa is lightly wounded.
Duvessa hits you with a +4 rapier of speed!
You die...

#.....#....#
##....#....#
##....######
#......#
#......#
#.....##########
####'##..$......
#...............
#.......@e......
#........)......
#......####.....
#......# ....
#......# ...
#......# ..
######## #


You could see Duvessa (berserk).

Vanquished Creatures
  A black bear (D:4)
  An ogre (D:4)
  A necrophage (D:5)
  4 lemures
  Blork the orc (D:4)
  A scorpion (D:6)
  Dowan (D:6)
  A water moccasin skeleton (D:5)
  A bullfrog zombie (D:3)
  An orc priest (D:3)
  A jelly (D:4)
  2 iguanas
  3 orc wizards
  Ijyb (D:4)
  Natasha (thrice) (D:3)
  A hound zombie (D:5)
  A howler monkey zombie (D:5)
  Robin (D:2)
  4 gnolls (D:4)
  8 adders
  A shadow imp (D:6)
  2 ufetubi
  An adder skeleton (D:3)
  2 worms
  4 orcs
  A ball python (D:4)
  6 bats
  11 endoplasms
  2 giant cockroaches
  15 goblins
  16 hobgoblins
  5 jackals
  7 kobolds
  3 quokkas
  8 frilled lizards
  8 rats
130 creatures vanquished.

Notes
Turn   | Place    | Note
-------+----------+-------------------------------------------
     0 | D:1      | selky the Minotaur Fighter began the quest for the Orb.
     0 | D:1      | Reached XP level 1. HP: 19/19 MP: 0/0
   110 | D:1      | Reached skill level 3 in Axes
   168 | D:1      | Reached XP level 2. HP: 26/26 MP: 1/1
   353 | D:1      | Found a faded altar of an unknown god.
   358 | D:1      | Reached skill level 4 in Axes
  1054 | D:2      | Reached XP level 3. HP: 31/31 MP: 2/2
  1081 | D:2      | Reached skill level 5 in Axes
  1142 | D:2      | Reached XP level 4. HP: 21/39 MP: 3/3
  1526 | D:2      | Found a broken altar of Ashenzari.
  1540 | D:2      | Became a worshipper of Ashenzari the Shackled
  1585 | D:2      | Noticed Robin
  1606 | D:2      | Killed Robin
  1607 | D:2      | Reached skill level 6 in Axes
  2011 | D:3      | Found a shadowy altar of Dithmenos.
  2065 | D:3      | Noticed Natasha
  2068 | D:3      | Killed Natasha
  2069 | D:3      | Reached XP level 5. HP: 41/45 MP: 4/4
  2223 | D:3      | Noticed Natasha
  2228 | D:3      | Killed Natasha
  2229 | D:3      | Reached skill level 7 in Axes
  2387 | D:3      | Reached XP level 6. HP: 30/51 MP: 5/5
  2417 | D:3      | Noticed Natasha
  2431 | D:3      | Killed Natasha
  2432 | D:3      | Reached skill level 8 in Axes
  2653 | D:3      | Found a white marble altar of Elyvilon.
  2926 | D:4      | Noticed Ijyb
  2934 | D:4      | Killed Ijyb
  2966 | D:4      | Noticed Blork the orc
  2987 | D:4      | Killed Blork the orc
  3519 | D:4      | Reached skill level 9 in Axes
  3579 | D:4      | Noticed Pikel
  3601 | D:4      | Found Cem Exaf's Antique Weapon Shoppe.
  4175 | D:4      | Reached XP level 7. HP: 49/57 MP: 6/6
  4369 | D:4      | Reached skill level 10 in Axes
  4899 | D:5      | Entered Level 5 of the Dungeon
  5376 | D:5      | Reached skill level 11 in Axes
  5763 | D:6      | Reached XP level 8. HP: 66/66 MP: 7/7
  5815 | D:6      | Noticed Dowan
  5816 | D:6      | Noticed Duvessa
  5822 | D:6      | Killed Dowan
  5825 | D:6      | Mangled by Duvessa

Illustrated notes

Levels and vault maps discovered:
D:1:      dpeg_arrival_subterranean_lakeside_camping, layout_loops_ring,
          nicolae_ecumenical_lake_church
D:2:      layout_basic, basic_altar, minmay_3d_cube, uniq_robin
D:3:      layout_rooms, mainiacjoe_overflow_24_doors,
          mainiacjoe_overflow_alcove_1, kennysheep_generic_room_2, uniq_natasha
D:4:      layout_basic, serial_shops, nicolae_shop_hallway_plus,
          chequers_serial_rivers_micro_d, uniq_pikel, uniq_blork_the_orc,
          uniq_ijyb
D:5:      layout_basic, hangedman_decor_lopped, minmay_misc_feat_more_columns
D:6:      layout_gridville, cheibrodos_sewer_entry_bend, solitary_fountain,
          uniq_duvessa

Skill      XL: |  1  2  3  4  5  6  7 |
---------------+----------------------+-----
Axes           | 3 4 5 6 7 9 11 | 11.2
Armour         | 4 |  4.2
Fighting       | |  3.9
Shields        | |  3.6

Action                   |  1- 3 |  4- 6 |  7- 9 || total
-------------------------+-------+-------+-------++-------
Melee: War axe           |    78 |   154 |    66 ||   298
       Headbutt          |     4 |    17 |    14 ||    35
       Punch             |       |     3 |     1 ||     4
Invok: Curse Item        |       |     1 |       ||     1
  Use: Scroll            |       |     8 |       ||     8
       Potion            |       |     6 |     2 ||     8
Armor: Scale mail        |    47 |    55 |    24 ||   126
Dodge: Dodged            |    43 |    87 |    32 ||   162
Block: Buckler           |     1 |       |       ||     1
